 Dungeon Crawl Stone Soup version bcrawl-1.21.2-20-g6d45ba5942 (webtiles) character file.

Game seed: 3303258326097837771

382 MisterOstroum the Skirmisher (level 6, -2/48 HPs)
             Began as a Demonspawn Archaeologist on Feb 25, 2020.
             Was an Initiate of Wu Jian.
             Killed from afar by a gargoyle (6 damage)
             ... with a stone arrow
             ... on level 5 of the Dungeon.
             The game lasted 00:05:06 (4316 turns).

MisterOstroum the Skirmisher (DsAc)                 Turns: 4316, Time: 00:05:07

Health: -2/48      AC: 11    Str: 13    XL:     6   Next: 47%
Magic:  6/6        EV:  7    Int: 16    God:    Wu Jian [......]
Gold:   375        SH: 11    Dex: 11    Spells: 5/5 levels left

rFire    . . .     SeeInvis .   t - +2 whip (elec)
rCold    . . .     Gourm    .   m - +0 large shield
rNeg     . . .     Faith    .   i - +0 ring mail
rPois    .         Spirit   .   y - +0 helmet
rElec    .         Reflect  .   v - +0 cloak
rCorr    .         Harm     .   (no gloves)
MR       .....                  d - +1 pair of boots
Stlth    ++........             (no amulet)
HPRegen  0.16/turn              (no ring)
MPRegen  0.10/turn              (no ring)

@: no status effects
A: iridescent scales 1, nightstalker 1, spiny 1
a: Renounce Religion


You were on level 5 of the Dungeon.
You worshipped Wu Jian.
Wu Jian was noncommittal.
You were near starving.

You visited 2 branches of the dungeon, and saw 6 of its levels.

You collected 375 gold pieces.

Inventory:

Hand Weapons
 a - a +0 whip
 o - a +0 trident of venom
 t - a +2 whip of electrocution (weapon)
 K - a +0 hand crossbow
Missiles
 h - 896 arrows
 j - 18 poisoned needles
 k - 115 bolts
 l - 911 stones (quivered)
 A - 370 sling bullets
Armour
 b - a +1 robe
 c - a +1 hat
 d - a +1 pair of boots (worn)
 i - a +0 ring mail (worn)
 m - a +0 large shield (worn)
 v - a +0 cloak (worn)
 y - a +0 helmet (worn)
 J - a +0 chain mail
Jewellery
 n - an uncursed ring of fire {unknown}
 C - the ring "Onoronk" {Str+2 Int+3, unknown}
   (You found it on level 4 of the Dungeon)

   [ring of strength]

   It affects your strength (+2).
   It affects your intelligence (+3).
 G - an uncursed amulet of faith {unknown}
 L - a +6 ring of slaying {unknown}
Wands
 E - a wand of polymorph (8)
Scrolls
 f - a scroll of acquirement
 g - 3 scrolls of magic mapping {@r5 !r}
 p - 6 scrolls of remove curse {unknown}
 r - 3 scrolls of teleportation {unknown}
 u - a scroll of enchant armour {unknown}
 x - 2 scrolls of identify {unknown}
 F - a scroll of enchant weapon {unknown}
Potions
 q - 2 potions of agility {unknown}
 s - a potion of lignification {unknown}
 w - a potion of heal wounds {unknown}
 z - 2 potions of flight {unknown}
 B - 3 potions of curing {unknown}
 D - a potion of resistance {unknown}
 H - a potion of might {unknown}
 I - a potion of haste {unknown}
Comestibles
 e - 9 rations {!d}


   Skills:
 * Level 4.0 Fighting
 * Level 3.1 Maces & Flails
 - Level 0.4 Polearms
 + Level 0.5 Armour
 + Level 3.7 Dodging
 - Level 3.1 Stealth
 + Level 1.8 Shields


You had 5 spell levels left.
You didn't know any spells.
Your spell library contained the following spells:

 Spells                   Type           Power        Failure   Level  Hunger
 Confuse                  Hex            #.......     100%        3    ####...
 Dazzling Spray           Conj/Hex       #.....       100%        3    ####...
 Petrify                  Tmut/Erth      #.......     100%        4    #####..
 Yara's Violent Unravell  Hex/Tmut       #.........   100%        4    #####..
 Metabolic Englaciation   Hex/Ice        #.........   100%        5    ######.
 Mana Rupture             Conj/Hex       #.........   100%        7    #######


Dungeon Overview and Level Annotations

Branches:
Dungeon (5/12)             Temple (1/1) D:5

Altars:
Ashenzari
Cheibriados
Dithmenos
Gozag
Okawaru
Qazlal
Ru
Trog
Uskayaw
Vehumet
Wu Jian
Xom
Yredelemnul
The Shining One

Annotations:
D:4 3 runed translucent doors, Grinder; Quickbrownfox's ghost, novice DsAc; Sickboy's ghost, novice HOFi; dscm's ghost, weakling OpAc


Innate Abilities, Weirdness & Mutations

You are partially covered in iridescent scales. (AC +2)
You are slightly more attuned to the shadows.
You are partially covered in sharp spines.


Message History

There is an open door here.
You open the door.
Found a shattered altar of Ashenzari.
There is an open door here.
There is a shattered altar of Ashenzari here.
There is an open door here.
You open the door.
Found a radiant altar of Vehumet.
There is an open door here.
There is a radiant altar of Vehumet here.
There is an open door here.
You open the door.
Found a shadowy altar of Dithmenos.
There is an open door here.
There is a shadowy altar of Dithmenos here.
There is an open door here.
You open the door.
Found a sacrificial altar of Ru.
There is an open door here.
There is a sacrificial altar of Ru here.
There is an open door here.
You open the door.
Found a snail-covered altar of Cheibriados.
Found a hide-covered altar of Uskayaw.
There is an open door here.
There is an open door here.
You open the door.
Found an opulent altar of Gozag.
There is an open door here.
There is an opulent altar of Gozag here.
There is an open door here.
You open the door.
You are near starving!
Found a basalt altar of Yredelemnul.
There is an open door here.
There is an open door here.
You open the door.
Found three altars.
There is an open door here.
There is an open door here.
You open the door.
Found an iron altar of Okawaru.
There is an open door here.
There is a stormy altar of Qazlal here.
There is an ornate altar of the Wu Jian Council here.
You kneel at the altar of Wu Jian.
The Council welcomes you!
You can now do at least one heavy attack when moving towards foes.
You can now attack enemies by moving around them.
(D) Dungeon (T) Temple
Where to? (Enter - Temple @ (x,y), ? - help)
There is an open door here.
There is an open door here.
There is an open door here.
There is a staircase back to the Dungeon here.
You climb upwards.
Welcome back to the Dungeon!
The gargoyle is too close now for your liking.
There is a staircase to the Ecumenical Temple here.
Why would you want to do that?
You enter the shallow water.
Moving in this stuff is going to be slow.
The gargoyle hurls a stone arrow at you.
You block the stone arrow.
The gargoyle hurls a stone arrow at you.
You block the stone arrow.
You lunge at the gargoyle.
You hit the gargoyle.
The gargoyle is lightly damaged.
The gargoyle hits you but does no damage.
You hit the gargoyle but do no damage.
The gargoyle is lightly damaged.
You spin and attack the gargoyle.
You hit the gargoyle but do no damage.
The gargoyle is lightly damaged.
The gargoyle hits you with a +0 flail.
You spin and attack the gargoyle.
You hit the gargoyle but do no damage.
The gargoyle is lightly damaged.
You block the gargoyle's attack.
You hit the gargoyle.
The gargoyle is moderately damaged.
You block the gargoyle's attack.
You hit the gargoyle but do no damage.
The gargoyle is moderately damaged.
You block the gargoyle's attack.
You hit the gargoyle but do no damage.
The gargoyle is moderately damaged.
The gargoyle hurls a stone arrow at you.
The stone arrow hits you!!
You hit the gargoyle.
The gargoyle is moderately damaged.
The gargoyle hits you with a +0 flail!
* * * LOW HITPOINT WARNING * * *
Your shield prevents you from hitting the gargoyle.
The gargoyle is moderately damaged.
The gargoyle hurls a stone arrow at you.
The stone arrow hits you!
* * * LOW HITPOINT WARNING * * *
You hit the gargoyle.
The gargoyle is heavily damaged.
The gargoyle hurls a stone arrow at you.
The stone arrow hits you.
You die...

.......#'#.##.#...##
............#.#...##
#####......##.#...##
#.........#...##
###########......#### #
#!...............# #
####.####...........# #
.......?.............#
....≈≈≈≈≈....@.......# ##
..≈≈≈≈≈≈≈≈≈..9.......# #.
≈≈≈≈≈≈≈≈≈≈≈≈≈.......<# #.
≈≈≈≈≈≈≈≈≈≈≈≈≈≈......#########.
≈≈≈≈≈...≈≈≈≈≈≈.......#.....).)
≈≈≈≈≈^>.≈≈≈≈≈≈.#####.#..###.#.
≈≈≈≈≈...≈≈≈≈≈≈.# #.#..#...#.
≈≈≈≈≈≈≈≈≈≈≈≈≈..# #.#.##.#.#.
..≈≈≈≈≈≈≈≈≈....# #....#.#.#.


You could see a gargoyle.

Vanquished Creatures
  A crimson imp (D:2)
  A hound (D:3)
  A jelly (D:5)
  2 orc wizards (D:3)
  A worker ant (D:2)
  A hound zombie (D:5)
  A hound skeleton (D:5)
  8 adders
  An adder skeleton (D:3)
  3 worms
  4 dart slugs
  5 leopard geckos
  11 orcs
  9 bats
  3 giant cockroaches
  6 goblins
  9 hobgoblins
  5 jackals
  7 kobolds
  4 quokkas
  A ball python (D:1)
  3 frilled lizards
  3 rats
90 creatures vanquished.

Notes
Turn   | Place    | Note
-------+----------+-------------------------------------------
     0 | D:1      | MisterOstroum the Demonspawn Archaeologist began the quest
                  | for the Orb.
     0 | D:1      | Reached XP level 1. HP: 15/15 MP: 1/1
   291 | D:1      | Gained mutation: You are partially covered in sharp spines.
                  | [demonic ancestry]
   291 | D:1      | Reached XP level 2. HP: 22/22 MP: 2/2
   502 | D:1      | Reached skill level 2 in Fighting
   810 | D:1      | Gained mutation: You are slightly more attuned to the
                  | shadows. [demonic ancestry]
   810 | D:1      | Reached XP level 3. HP: 26/27 MP: 3/3
   842 | D:1      | Reached skill level 1 in Maces & Flails
  1430 | D:2      | Reached XP level 4. HP: 34/34 MP: 4/4
  1867 | D:2      | Found a bloodstained altar of Trog.
  2129 | D:2      | Reached skill level 1 in Shields
  2235 | D:2      | Reached skill level 3 in Fighting
  2460 | D:3      | Gained mutation: You are partially covered in iridescent
                  | scales. (AC +2) [demonic ancestry]
  2460 | D:3      | Reached XP level 5. HP: 40/41 MP: 5/5
  2460 | D:3      | Identified a scroll of acquirement
  2918 | D:3      | Reached XP level 6. HP: 48/48 MP: 6/6
  3541 | D:4      | Found a runed translucent gate.
  3547 | D:4      | Noticed Grinder
  3556 | D:4      | Found a runed translucent gate.
  3556 | D:4      | Found a runed translucent gate.
  3700 | D:4      | Got a wavering lapis lazuli ring
  3851 | D:4      | Noticed dscm's ghost (weakling OpAc)
  3851 | D:4      | Noticed Quickbrownfox's ghost (novice DsAc)
  3852 | D:4      | Noticed Sickboy's ghost (novice HOFi)
  3861 | D:5      | Entered Level 5 of the Dungeon
  4009 | D:5      | Reached skill level 4 in Fighting
  4025 | D:5      | Noticed a gargoyle
  4026 | D:5      | Found a staircase to the Ecumenical Temple.
  4036 | Temple   | Entered the Ecumenical Temple
  4252 | Temple   | Became a worshipper of the Wu Jian Council
  4316 | D:5      | Killed from afar by a gargoyle

Skill      XL: |  1  2  3  4  5  6 |
---------------+-------------------+-----
Fighting       | 2 3 4 |  4.0
Dodging        | 3 |  3.7
Maces & Flails | 1 2 3 |  3.1
Shields        | 1 |  1.8
Polearms       | |  0.4
Armour         | |  0.5
Stealth        | |  3.1

Action                   |  1- 3 |  4- 6 || total
-------------------------+-------+-------++-------
Melee: Whip              |    60 |   150 ||   210
       Trident           |    30 |       ||    30
Throw: Stone             |     2 |       ||     2
Invok: Whirlwind         |       |     2 ||     2
       Lunge             |       |     1 ||     1
 Stab: Sleeping          |     5 |    12 ||    17
       Distracted        |       |     2 ||     2
  Eat: Chunk             |     2 |     7 ||     9
Armor: Ring mail         |    38 |    45 ||    83
       Robe              |     3 |       ||     3
       Chain mail        |       |     1 ||     1
Dodge: Dodged            |    23 |    27 ||    50
Block: Large shield      |    28 |    66 ||    94
